[Event "ICC tourney 2376 (15 3)"]
[Site "Internet Chess Club"]
[Date "2021.02.06"]
[Round "1"]
[White "PranavNallapeta"]
[Black "PsychonautYogi"]
[Result "0-1"]
[ICCResult "White checkmated"]
[WhiteElo "265"]
[BlackElo "1103"]
[Opening "Vienna game"]
[ECO "C26"]
[NIC "VG.02"]
[Time "11:01:20"]
[PlyCount "44"]
[TimeControl "900+3"]

1. e4 e5 2. Nc3 Nf6 3. Bc4 Bc5 4. g3 Nc6 5. f4 exf4 6. gxf4 d6 7. Nf3 Bg4
8. d4 Nxd4 9. e5 Bxf3 10. Qd2 Bxh1 11. exf6 Nf3+ 12. Ke2 Nxd2 13. Kxd2 Qxf6
14. Nd5 Qd4+ 15. Ke1 Bxd5 16. Bb5+ c6 17. Ba4 b5 18. Bb3 Bxb3 19. axb3 O-O
20. c3 Qf2+ 21. Kd1 Rfe8 22. f5 Qe2# { White checkmated } 0-1

[Event "ICC tourney 2376 (15 3)"]
[Site "Internet Chess Club"]
[Date "2021.02.06"]
[Round "1"]
[White "Rhyanma"]
[Black "dakshchamp"]
[Result "1-0"]
[ICCResult "Black checkmated"]
[WhiteElo "1124"]
[BlackElo "353"]
[Opening "QGD: Marshall defense"]
[ECO "D06"]
[NIC "QP.08"]
[Time "11:01:08"]
[PlyCount "85"]
[TimeControl "900+3"]

1. d4 d5 2. c4 Nf6 3. Nc3 Nc6 4. Nf3 Bg4 5. e3 Bxf3 6. Qxf3 e6 7. Bd3 Bb4
8. Bd2 O-O 9. O-O g6 10. a3 Bxc3 11. Bxc3 Ne7 12. Qxf6 Nc6 13. Qxd8 Nxd8
14. cxd5 exd5 15. Bb4 Re8 16. Rfc1 Nc6 17. Bb5 Rec8 18. Bxc6 bxc6 19. Rxc6
Rab8 20. g3 Rb6 21. Rxc7 Rxc7 22. Ba5 Rbb7 23. Bxc7 Rxc7 24. b4 Rb7 25. Kg2
a6 26. Kf3 Ra7 27. Kf4 a5 28. bxa5 Rxa5 29. e4 dxe4 30. Kxe4 Rb5 31. a4 Rb2
32. Ke3 Rb3+ 33. Ke4 Rb2 34. f4 Re2+ 35. Kf3 Rxh2 36. a5 Rc2 37. a6 Rc7 38.
a7 Rb7 39. a8=Q+ Kg7 40. Qxb7 Kg8 41. Ra7 Kg7 42. Qxf7+ Kh8 43. Ra8# {
Black checkmated } 1-0

[Event "ICC tourney 2376 (15 3)"]
[Site "Internet Chess Club"]
[Date "2021.02.06"]
[Round "1"]
[White "sherwinrasekh"]
[Black "Kinkajou2"]
[Result "1-0"]
[ICCResult "Black resigns"]
[WhiteElo "1103"]
[BlackElo "293"]
[Opening "Scandinavian: Pytel-Wade variation"]
[ECO "B01"]
[NIC "SD.02"]
[Time "11:01:06"]
[PlyCount "71"]
[TimeControl "900+3"]

1. e4 d5 2. exd5 Qxd5 3. Nc3 Qd6 4. Nf3 Nf6 5. d4 Bg4 6. Be2 Qd7 7. h3 Bf5
8. O-O e6 9. Re1 Bb4 10. d5 Nxd5 11. Nxd5 exd5 12. Bb5+ Bxe1 13. Bxd7+ Nxd7
14. Qxe1+ Be6 15. Ne5 O-O 16. Nxd7 Bxd7 17. Qc3 Rac8 18. b3 Be6 19. Bb2 f6
20. Re1 Rfe8 21. Qd4 c5 22. Qa4 Re7 23. Qxa7 Rcc7 24. Qa5 c4 25. Rxe6 Rxe6
26. Qxc7 Re1+ 27. Kh2 Re8 28. a4 cxb3 29. cxb3 d4 30. Bxd4 b6 31. Bxb6 g6
32. a5 f5 33. a6 f4 34. a7 f3 35. gxf3 g5 36. Qb7 { Black resigns } 1-0

[Event "ICC tourney 2376 (15 3)"]
[Site "Internet Chess Club"]
[Date "2021.02.06"]
[Round "1"]
[White "mfranks2021"]
[Black "ThatOneGuyNick"]
[Result "0-1"]
[ICCResult "White checkmated"]
[WhiteElo "310"]
[BlackElo "1121"]
[Opening "Sicilian defense"]
[ECO "B30"]
[NIC "SI.31"]
[Time "11:00:39"]
[PlyCount "66"]
[TimeControl "900+3"]

1. e4 c5 2. Nf3 Nc6 3. Bc4 e6 4. O-O d5 5. Nc3 dxc4 6. d4 cxd4 7. Nxd4 Qxd4
8. Bd2 a6 9. h4 Nf6 10. a4 Nxe4 11. Qe1 Qxd2 12. Nxe4 Qxe1 13. Rfxe1 Be7
14. Rad1 O-O 15. Re3 Bxh4 16. Rf1 Rd8 17. Rf3 b6 18. g3 Be7 19. Rf4 Bb7 20.
Kg2 Ne5 21. Rh1 f5 22. g4 fxe4 23. g5 Bxg5 24. Rf5 exf5 25. b4 e3+ 26. Kh2
Ng4+ 27. Kh3 Nxf2+ 28. Kh2 Nxh1 29. b5 Rd2+ 30. Kh3 axb5 31. a5 e2 32. axb6
e1=Q 33. c3 Qh4# { White checkmated } 0-1

[Event "ICC tourney 2376 (15 3)"]
[Site "Internet Chess Club"]
[Date "2021.02.06"]
[Round "1"]
[White "PokeyTurtle3454"]
[Black "prajit5803"]
[Result "0-1"]
[ICCResult "White checkmated"]
[WhiteElo "598"]
[BlackElo "1240"]
[Opening "Sicilian defense"]
[ECO "B30"]
[NIC "SI.31"]
[Time "11:00:40"]
[PlyCount "58"]
[TimeControl "900+3"]

1. e4 c5 2. Nf3 Nc6 3. Bc4 e6 4. d4 cxd4 5. Nxd4 Bc5 6. Be3 Bb6 7. Nc3 a6
8. O-O Nge7 9. a3 O-O 10. b4 d5 11. exd5 Nxd5 12. b5 Nxc3 13. Qd3 Nxb5 14.
Bxb5 axb5 15. Nxb5 Qxd3 16. cxd3 Bxe3 17. fxe3 Ne5 18. d4 Ng6 19. Nc7 Rb8
20. d5 exd5 21. Nxd5 Be6 22. Nf4 Rfe8 23. Rae1 Ra8 24. Ra1 Bc4 25. Rf3 Nxf4
26. exf4 b5 27. Rf2 Rxa3 28. Rxa3 Re1+ 29. Rf1 Rxf1# { White checkmated }
0-1

[Event "ICC tourney 2376 (15 3)"]
[Site "Internet Chess Club"]
[Date "2021.02.06"]
[Round "1"]
[White "Kokosnuss1000"]
[Black "shrishri"]
[Result "1-0"]
[ICCResult "Black checkmated"]
[WhiteElo "1144"]
[BlackElo "400"]
[Opening "Four knights"]
[ECO "C49"]
[NIC "KP.03"]
[Time "11:01:02"]
[PlyCount "117"]
[TimeControl "900+3"]

1. e4 e5 2. Nf3 Nc6 3. Nc3 Nf6 4. Bb5 Bb4 5. O-O O-O 6. d3 Bxc3 7. bxc3 d6
8. Bg5 Bd7 9. Bxc6 Bxc6 10. Re1 Qe7 11. d4 exd4 12. cxd4 Rad8 13. e5 dxe5
14. Nxe5 Qd6 15. c3 Rde8 16. Nxc6 Qxc6 17. Bxf6 Qxf6 18. Rxe8 Rxe8 19. Qd2
Qe7 20. h3 a5 21. Kf1 Qd6 22. Re1 Rxe1+ 23. Qxe1 Kf8 24. Qe4 g6 25. Qxb7 c5
26. dxc5 Qxc5 27. Qb8+ Ke7 28. Qb7+ Kf6 29. Qf3+ Qf5 30. Qxf5+ Kxf5 31. Ke2
h5 32. Kd3 Ke5 33. Kc4 g5 34. Kb5 f5 35. c4 f4 36. Kb6 Kd4 37. c5 Kd5 38.
c6 Kd6 39. Kb7 f3 40. gxf3 Ke7 41. c7 Kd7 42. c8=Q+ Kd6 43. Qd8+ Ke5 44.
Qxa5+ Kf6 45. Qb5 g4 46. hxg4 hxg4 47. fxg4 Kg6 48. a4 Kf6 49. a5 Ke7 50.
a6 Kd8 51. a7 Ke7 52. a8=Q Kf6 53. Qd7 Ke5 54. Qa5+ Kf4 55. Qd4+ Kf3 56.
Qa3+ Kg2 57. f4 Kh2 58. Qd2+ Kg1 59. Qa1# { Black checkmated } 1-0

[Event "ICC tourney 2376 (15 3)"]
[Site "Internet Chess Club"]
[Date "2021.02.06"]
[Round "1"]
[White "AditiE"]
[Black "Charris626"]
[Result "0-1"]
[ICCResult "White checkmated"]
[WhiteElo "149"]
[BlackElo "1001"]
[Opening "Four knights: Scotch variation"]
[ECO "C47"]
[NIC "KP.06"]
[Time "11:01:29"]
[PlyCount "60"]
[TimeControl "900+3"]

1. e4 e5 2. Nf3 Nc6 3. Nc3 Nf6 4. d4 d5 5. exd5 Nxd5 6. Nxd5 Qxd5 7. dxe5
Qxd1+ 8. Kxd1 Bg4 9. Bg5 Bxf3+ 10. gxf3 Nxe5 11. Bb5+ c6 12. Bf4 Nxf3 13.
Ke2 Nd4+ 14. Kd2 Nxb5 15. Rhe1+ Be7 16. Bg5 O-O-O+ 17. Kc1 Bxg5+ 18. Kb1
Rhe8 19. a4 Rxe1+ 20. Ka2 Rxa1+ 21. Kxa1 Nd4 22. Kb1 b5 23. a5 c5 24. c3
Nc6 25. Kc2 b4 26. c4 Rd2+ 27. Kc1 Nd4 28. Kb1 b3 29. Kc1 Rd3+ 30. Kb1 Rd1#
{ White checkmated } 0-1

[Event "ICC tourney 2376 (15 3)"]
[Site "Internet Chess Club"]
[Date "2021.02.06"]
[Round "1"]
[White "bwbingyi"]
[Black "gravesal33"]
[Result "0-1"]
[ICCResult "White checkmated"]
[WhiteElo "101"]
[BlackElo "972"]
[Opening "Sicilian: Smith-Morra gambit"]
[ECO "B21"]
[NIC "SI.48"]
[Time "11:12:16"]
[PlyCount "42"]
[TimeControl "900+3"]

1. e4 c5 2. d4 cxd4 3. Qxd4 Nc6 4. Qd1 d6 5. Bb5 a6 6. Bxc6+ bxc6 7. Nf3
Bb7 8. O-O e5 9. Nc3 Nf6 10. Bg5 Be7 11. h3 h6 12. Bxf6 Bxf6 13. Na4 O-O
14. Nb6 Qxb6 15. g4 d5 16. exd5 cxd5 17. h4 e4 18. g5 exf3 19. gxf6 Qxf6
20. b3 Qg6+ 21. Kh1 Qg2# { White checkmated } 0-1

[Event "ICC tourney 2376 (15 3)"]
[Site "Internet Chess Club"]
[Date "2021.02.06"]
[Round "1"]
[White "cxusanderson"]
[Black "GLatham"]
[Result "1-0"]
[ICCResult "Black checkmated"]
[WhiteElo "1197"]
[BlackElo "440"]
[Opening "Caro-Kann defense"]
[ECO "B10"]
[NIC "CK.01"]
[Time "11:01:16"]
[PlyCount "89"]
[TimeControl "900+3"]

1. e4 c6 2. Nf3 d5 3. exd5 cxd5 4. d4 Nc6 5. Be2 Bf5 6. O-O Nf6 7. Nc3 e6
8. Bg5 Bd6 9. Re1 O-O 10. Bd3 Bxd3 11. Qxd3 h6 12. Bh4 g5 13. Bg3 Ng4 14.
Bxd6 Qxd6 15. h3 Nf6 16. Nb5 Qb4 17. b3 a6 18. a3 Qxb5 19. Qe3 Ne4 20. Rec1
Rfe8 21. Rab1 e5 22. c4 Qa5 23. b4 Qc7 24. cxd5 exd4 25. Qd3 Ne5 26. Qxe4
Nc4 27. Qd3 b5 28. Nd2 Rac8 29. Qxd4 Re5 30. Nxc4 bxc4 31. Rb2 c3 32. Rbc2
Rce8 33. g3 Re1+ 34. Rxe1 Rxe1+ 35. Kg2 Rb1 36. Rxc3 Qe7 37. Rc8+ Kh7 38.
Qd3+ f5 39. Qxf5+ Kg7 40. Qxb1 Qd7 41. Qb2+ Kg6 42. Rc6+ Kh5 43. Qf6 Qxd5+
44. Kh2 Qd2 45. Qxh6# { Black checkmated } 1-0

[Event "ICC tourney 2376 (15 3)"]
[Site "Internet Chess Club"]
[Date "2021.02.06"]
[Round "1"]
[White "Barnstorm"]
[Black "Aurex"]
[Result "0-1"]
[ICCResult "White checkmated"]
[WhiteElo "1233"]
[BlackElo "583"]
[Opening "Scotch gambit: Benima defense"]
[ECO "C50"]
[NIC "IG.03"]
[Time "11:01:18"]
[PlyCount "66"]
[TimeControl "900+3"]

1. e4 e5 2. Nf3 Nc6 3. Bc4 Be7 4. d4 exd4 5. Nxd4 Nxd4 6. Qxd4 Nf6 7. O-O
O-O 8. Re1 c5 9. Qd1 d6 10. Bg5 Ng4 11. Bxe7 Qxe7 12. f3 Ne5 13. Bd5 Rb8
14. Nc3 b6 15. a4 Ba6 16. Nb5 Qd7 17. Qe2 Qe7 18. Kh1 Qd7 19. c4 Rbe8 20.
Rf1 Re7 21. f4 Nc6 22. f5 Nd4 23. Nxd4 cxd4 24. Qg4 Bb7 25. Bxb7 Qxb7 26.
f6 g6 27. Qg5 Re6 28. Qh6 Rxf6 29. Rxf6 Qxe4 30. Raf1 Qe7 31. h4 Qe5 32. g3
Qxg3 33. Rg1 Qh3# { White checkmated } 0-1

[Event "ICC tourney 2376 (15 3)"]
[Site "Internet Chess Club"]
[Date "2021.02.06"]
[Round "1"]
[White "UnkArjun"]
[Black "McEntire87"]
[Result "0-1"]
[ICCResult "White resigns"]
[WhiteElo "658"]
[BlackElo "1251"]
[Opening "Giuoco Pianissimo: Italian four knights variation"]
[ECO "C50"]
[NIC "IG.02"]
[Time "11:00:37"]
[PlyCount "88"]
[TimeControl "900+3"]

1. e4 e5 2. Nf3 Nc6 3. Bc4 Bc5 4. Nc3 Nf6 5. d3 h6 6. h3 d6 7. O-O Bd7 8.
Be3 Nd4 9. Nxd4 exd4 10. Bxd4 Bxd4 11. Re1 Bxc3 12. bxc3 O-O 13. d4 Re8 14.
e5 dxe5 15. dxe5 Nh7 16. Bd3 Be6 17. Bxh7+ Kxh7 18. Qxd8 Raxd8 19. Re2 Rd5
20. Rb1 b6 21. f4 Ra5 22. Rb4 Rxa2 23. Rd4 Re7 24. g4 Rd7 25. Rxd7 Bxd7 26.
f5 Ra1+ 27. Kf2 Rh1 28. e6 Rh2+ 29. Ke1 Rxe2+ 30. Kxe2 fxe6 31. fxe6 Bxe6
32. Kf3 Kg6 33. Kf4 Ba2 34. Ke5 Bb1 35. Ke6 Bxc2 36. Kd7 c5 37. Kc7 Kg5 38.
Kb7 Kh4 39. Kxa7 Kxh3 40. Kxb6 Kxg4 41. Kxc5 h5 42. Kd4 h4 43. Ke3 Kg3 44.
Ke2 Kg2 { White resigns } 0-1

[Event "ICC tourney 2376 (15 3)"]
[Site "Internet Chess Club"]
[Date "2021.02.06"]
[Round "1"]
[White "BotanicalKnight"]
[Black "GrayMatter552"]
[Result "1-0"]
[ICCResult "Black checkmated"]
[WhiteElo "1399"]
[BlackElo "945"]
[Opening "King's pawn opening"]
[ECO "B07"]
[NIC "VO.17"]
[Time "11:02:09"]
[PlyCount "75"]
[TimeControl "900+3"]

1. e4 d6 2. Nc3 Nf6 3. d3 e5 4. f4 Nbd7 5. Nf3 h6 6. g3 exf4 7. Bxf4 g6 8.
Bg2 Bg7 9. O-O O-O 10. Rb1 b6 11. Qc1 Bb7 12. Bxh6 Bxh6 13. Qxh6 Ng4 14.
Qd2 Kg7 15. h3 Nh6 16. g4 f6 17. Rf2 Kh7 18. Rbf1 Rg8 19. g5 Nf7 20. gxf6
Qxf6 21. Ng5+ Qxg5 22. Rxf7+ Rg7 23. Rxg7+ Kxg7 24. Qxg5 Ne5 25. Qf6+ Kh6
26. Qe7 Rg8 27. Qxc7 Bc8 28. Qxd6 Nf7 29. Rxf7 Rg7 30. Rxg7 Kxg7 31. Qc7+
Kh6 32. Qxc8 g5 33. e5 Kh5 34. Qh8+ Kg6 35. e6 Kf5 36. e7 Kf4 37. e8=Q Kg3
38. Qe3# { Black checkmated } 1-0

[Event "ICC tourney 2376 (15 3)"]
[Site "Internet Chess Club"]
[Date "2021.02.06"]
[Round "1"]
[White "jhong3"]
[Black "RhysWiers"]
[Result "1-0"]
[ICCResult "Black checkmated"]
[WhiteElo "1071"]
[BlackElo "212"]
[Opening "King's knight opening"]
[ECO "C40"]
[NIC "KP.10"]
[Time "11:01:04"]
[PlyCount "75"]
[TimeControl "900+3"]

1. e4 e5 2. Nf3 Bc5 3. Nc3 Nf6 4. Nxe5 O-O 5. Nf3 d5 6. Bd3 Bb4 7. Nxd5
Nxd5 8. exd5 Qxd5 9. O-O Bg4 10. Be2 Nc6 11. h3 Bf5 12. c4 Qe4 13. d3 Qe6
14. Ng5 Qe5 15. Nf3 Qe7 16. a3 Ne5 17. Nxe5 Qxe5 18. axb4 Qe6 19. Bg4 Qg6
20. Qf3 b5 21. Bxf5 Qg5 22. Bxg5 h6 23. Qh5 Rfe8 24. Rfe1 bxc4 25. dxc4 c5
26. bxc5 a5 27. c6 a4 28. Rxe8+ Rxe8 29. c7 g6 30. Bxg6 fxg6 31. Qxg6+ Kf8
32. Bxh6+ Ke7 33. Re1+ Kd7 34. Qxe8+ Kxc7 35. Bf4+ Kb6 36. Qb5+ Ka7 37.
Re7+ Ka8 38. Qb7# { Black checkmated } 1-0

[Event "ICC tourney 2376 (15 3)"]
[Site "Internet Chess Club"]
[Date "2021.02.06"]
[Round "1"]
[White "TheInterMitten"]
[Black "RoyWilkes40"]
[Result "0-1"]
[ICCResult "White resigns"]
[WhiteElo "188"]
[BlackElo "1054"]
[Opening "Giuoco Piano"]
[ECO "C54"]
[NIC "IG.02"]
[Time "11:00:57"]
[PlyCount "64"]
[TimeControl "900+3"]

1. e4 e5 2. Nf3 Nc6 3. Bc4 Bc5 4. c3 Nf6 5. d4 exd4 6. cxd4 Bb4+ 7. Bd2
Bxd2+ 8. Nbxd2 d6 9. Qb3 O-O 10. d5 Ne7 11. O-O c6 12. dxc6 Nxc6 13. Qc3
Bg4 14. h3 Bxf3 15. Qxf3 a6 16. a4 a5 17. Rac1 Qb6 18. Bb5 Nd4 19. Qd3 Nxb5
20. axb5 Rfe8 21. Qb3 Nxe4 22. Nc4 Qd8 23. Rfe1 Qg5 24. Qd3 Nc5 25. Qxd6
Red8 26. Qb6 Nd3 27. Qxb7 Nxc1 28. Ne5 Rf8 29. Nd7 Rae8 30. Rxe8 Rxe8 31.
Qc6 Re1+ 32. Kh2 Qf4+ { White resigns } 0-1

[Event "ICC tourney 2376 (15 3)"]
[Site "Internet Chess Club"]
[Date "2021.02.06"]
[Round "1"]
[White "ZekeMc11"]
[Black "NikitaR"]
[Result "1-0"]
[ICCResult "Black checkmated"]
[WhiteElo "1044"]
[BlackElo "166"]
[Opening "Ruy Lopez: Vinogradov variation"]
[ECO "C60"]
[NIC "RL.01"]
[Time "11:01:06"]
[PlyCount "123"]
[TimeControl "900+3"]

1. e4 e5 2. Nf3 Nc6 3. Bb5 Qe7 4. O-O a6 5. Ba4 Nf6 6. Re1 d6 7. c3 Bd7 8.
d3 Na5 9. Bxd7+ Qxd7 10. Bg5 Be7 11. Nbd2 h6 12. Bxf6 Bxf6 13. Nb3 Nxb3 14.
Qxb3 b6 15. Rac1 a5 16. d4 O-O 17. Rcd1 exd4 18. cxd4 Rfe8 19. e5 Bg5 20.
Nxg5 hxg5 21. Qg3 f6 22. f4 gxf4 23. Qxf4 fxe5 24. dxe5 Rf8 25. Qd4 Rad8
26. e6 Qe7 27. Qc4 Rfe8 28. Rc1 Rc8 29. Rc2 Qf6 30. Rf2 Qe7 31. Rf7 Qg5 32.
Rxc7 Rxc7 33. Qxc7 Qc5+ 34. Qxc5 dxc5 35. Kf2 g6 36. Kf3 Kg7 37. Kf4 Kf6
38. h4 Rxe6 39. Rxe6+ Kxe6 40. Kg5 Kf7 41. g4 b5 42. h5 gxh5 43. gxh5 b4
44. b3 a4 45. h6 axb3 46. axb3 c4 47. h7 cxb3 48. h8=Q b2 49. Qxb2 Ke6 50.
Qxb4 Ke5 51. Qf4+ Ke6 52. Qf5+ Kd6 53. Kf6 Kc6 54. Qe5 Kd7 55. Kf7 Kc6 56.
Ke7 Kb6 57. Qd5 Kc7 58. Qd6+ Kc8 59. Qd7+ Kb8 60. Kd6 Ka8 61. Kc6 Kb8 62.
Qb7# { Black checkmated } 1-0

[Event "ICC tourney 2376 (15 3)"]
[Site "Internet Chess Club"]
[Date "2021.02.06"]
[Round "1"]
[White "coderboy123"]
[Black "deadmemes"]
[Result "1-0"]
[ICCResult "Black checkmated"]
[WhiteElo "1241"]
[BlackElo "619"]
[Opening "QGD: 3.Nc3"]
[ECO "D31"]
[NIC "QP.08"]
[Time "11:01:14"]
[PlyCount "97"]
[TimeControl "900+3"]

1. d4 d5 2. c4 e6 3. Nc3 dxc4 4. e3 Nc6 5. Bxc4 Nf6 6. Nf3 g6 7. O-O Bh6 8.
Qc2 Nb4 9. Qa4+ Nc6 10. Bb5 Qd6 11. Ne5 Bd7 12. Nxc6 Bxc6 13. b3 a6 14. Ba3
Bxb5 15. Nxb5 axb5 16. Qxa8+ Qd8 17. Qxd8+ Kxd8 18. Rac1 c6 19. Bd6 Ne4 20.
Be5 Re8 21. Ra1 Nc3 22. Kh1 Kc8 23. Rfc1 Ne4 24. Bg3 Nxg3+ 25. hxg3 f5 26.
a4 bxa4 27. Rxa4 Kc7 28. Rca1 Rb8 29. Ra8 Bf8 30. Kh2 Rxa8 31. Rxa8 Bd6 32.
Rh8 h5 33. Kh3 Kd7 34. Rg8 Ke7 35. Rxg6 e5 36. dxe5 Bxe5 37. Rg5 Kf6 38.
Rxh5 Bc3 39. g4 fxg4+ 40. Kxg4 b5 41. Rc5 Be1 42. f4 Bf2 43. Rxc6+ Ke7 44.
e4 Be1 45. e5 b4 46. f5 Bc3 47. e6 Kf6 48. Rc7 Be5 49. Rf7# { Black
checkmated } 1-0

[Event "ICC tourney 2376 (15 3)"]
[Site "Internet Chess Club"]
[Date "2021.02.06"]
[Round "1"]
[White "MarcusB"]
[Black "Chess-knight"]
[Result "1-0"]
[ICCResult "Black checkmated"]
[WhiteElo "1343"]
[BlackElo "876"]
[Opening "QGD Slav defense"]
[ECO "D10"]
[NIC "SL.01"]
[Time "11:00:44"]
[PlyCount "83"]
[TimeControl "900+3"]

1. d4 d5 2. c4 c6 3. Nc3 Nf6 4. Bg5 Bf5 5. e3 Nbd7 6. Nf3 e6 7. Bd3 Bxd3 8.
Qxd3 Be7 9. O-O O-O 10. c5 b6 11. b4 b5 12. Ne5 a5 13. a3 a4 14. Nxc6 Qe8
15. e4 h6 16. Bh4 g5 17. Bg3 Nh5 18. exd5 Nxg3 19. fxg3 Bf6 20. Ne4 Bg7 21.
dxe6 Qxe6 22. d5 Qg6 23. Ne7+ Kh7 24. Nxg6 fxg6 25. Rxf8 Rxf8 26. Rf1 Rb8
27. Rf7 Ne5 28. Nf6+ Kh8 29. Qf1 Nxf7 30. Nd7 Bd4+ 31. Kh1 Re8 32. h3 Ne5
33. Qf6+ Kg8 34. Nxe5 Rxe5 35. Qxg6+ Kf8 36. Qxh6+ Ke7 37. Qd6+ Kf7 38.
Qd7+ Kg6 39. h4 Re1+ 40. Kh2 Kh5 41. g4+ Kxh4 42. g3# { Black checkmated }
1-0

[Event "ICC tourney 2376 (15 3)"]
[Site "Internet Chess Club"]
[Date "2021.02.06"]
[Round "1"]
[White "mvarshney"]
[Black "nb12"]
[Result "0-1"]
[ICCResult "White checkmated"]
[WhiteElo "503"]
[BlackElo "1220"]
[Opening "Four knights: Spanish, classical defense"]
[ECO "C48"]
[NIC "KP.03"]
[Time "11:00:54"]
[PlyCount "140"]
[TimeControl "900+3"]

1. e4 e5 2. Nf3 Nc6 3. Bb5 Nf6 4. Nc3 Bc5 5. d3 d6 6. O-O Bg4 7. h3 Bh5 8.
Bg5 h6 9. Bh4 O-O 10. Nd5 Nd4 11. Nxf6+ gxf6 12. g4 Bg6 13. c3 Nxb5 14. b4
Bb6 15. Qa4 Nxc3 16. Qb3 Ne2+ 17. Kh2 Qe7 18. Qd5 c6 19. Qc4 Nf4 20. Bg3
Qe6 21. Qc1 Ne2 22. Qd2 Nd4 23. Nxd4 Bxd4 24. Rab1 Kh7 25. b5 cxb5 26. Rxb5
b6 27. a4 a6 28. Rbb1 Rfc8 29. Rbc1 Rxc1 30. Qxc1 Rc8 31. Qd2 Qb3 32. Ra1
Qb2 33. Qxb2 Bxb2 34. Rb1 Rc2 35. Kg2 Bd4 36. h4 h5 37. g5 fxg5 38. hxg5
Rd2 39. Rb3 a5 40. Kf1 Ra2 41. Rb5 Rxa4 42. Rd5 Bc5 43. f4 exf4 44. Bxf4
Kg7 45. e5 dxe5 46. Bxe5+ Kf8 47. d4 Be7 48. Bc7 Be4 49. Re5 Bd3+ 50. Ke1
Rxd4 51. Bxb6 Re4+ 52. Rxe4 Bxe4 53. Bxa5 Bxg5 54. Ke2 f5 55. Kf2 Kf7 56.
Ke2 Ke6 57. Kf2 Bf4 58. Ke2 h4 59. Kf2 h3 60. Kg1 h2+ 61. Kf2 h1=Q 62. Ke2
Qg2+ 63. Ke1 Be5 64. Kd1 f4 65. Bb6 f3 66. Kc1 Kd5 67. Kd1 Bd4 68. Bxd4
Kxd4 69. Ke1 f2+ 70. Kd1 f1=Q# { White checkmated } 0-1

[Event "ICC tourney 2376 (15 3)"]
[Site "Internet Chess Club"]
[Date "2021.02.06"]
[Round "1"]
[White "AchyutE"]
[Black "ztraynor"]
[Result "0-1"]
[ICCResult "White checkmated"]
[WhiteElo "474"]
[BlackElo "1210"]
[Opening "Caro-Kann: exchange variation"]
[ECO "B13"]
[NIC "CK.02"]
[Time "11:01:29"]
[PlyCount "90"]
[TimeControl "900+3"]

1. e4 c6 2. d4 d5 3. exd5 cxd5 4. Nc3 Nf6 5. Nf3 Nc6 6. Bd3 Bg4 7. O-O Bxf3
8. Qxf3 Nxd4 9. Qd1 a6 10. Be3 Nc6 11. Na4 e6 12. Nb6 Rb8 13. c3 Bd6 14. c4
d4 15. Bxd4 Nxd4 16. Na4 O-O 17. c5 Bc7 18. Qd2 b5 19. Nc3 Nd5 20. Nxd5
Qxd5 21. Rac1 Qe5 22. g3 Nf3+ 23. Kg2 Nxd2 24. Rfe1 Qd5+ 25. Kh3 Qh5+ 26.
Kg2 Qf3+ 27. Kg1 Qxd3 28. Re3 Nf3+ 29. Kg2 Qd2 30. Rcc3 Ne1+ 31. Kf1 Ba5
32. Re2 Bxc3 33. Rxd2 Bxd2 34. Ke2 Ba5 35. a3 Nc2 36. b4 Nxb4 37. axb4 Bxb4
38. c6 Rbc8 39. f4 Rxc6 40. Kf3 Rd8 41. Kg4 f5+ 42. Kh3 Rd2 43. Kh4 h6 44.
Kh3 Rcc2 45. Kh4 Rxh2# { White checkmated } 0-1

[Event "ICC tourney 2376 (15 3)"]
[Site "Internet Chess Club"]
[Date "2021.02.06"]
[Round "1"]
[White "JackDarden"]
[Black "anthonyiek"]
[Result "0-1"]
[ICCResult "White checkmated"]
[WhiteElo "360"]
[BlackElo "1130"]
[Opening "Sicilian: closed, 2...Nc6"]
[ECO "B23"]
[NIC "SI.44"]
[Time "11:19:18"]
[PlyCount "102"]
[TimeControl "900+3"]

1. e4 c5 2. Nc3 Nc6 3. Nf3 d6 4. d3 Nf6 5. Be3 d5 6. exd5 Nxd5 7. Be2 Nxe3
8. fxe3 e6 9. O-O Bd6 10. a3 O-O 11. h3 Ne5 12. Nxe5 Bxe5 13. b4 Bxc3 14.
Rb1 Be5 15. bxc5 Qc7 16. c6 Qxc6 17. d4 Bg3 18. e4 Qxe4 19. Bf3 Qe3+ 20.
Kh1 Qg5 21. Bxb7 Bxb7 22. Rxb7 Rab8 23. Rxa7 Bd6 24. Ra6 Qg3 25. Kg1 Bc7
26. Rf3 Qh2+ 27. Kf2 Bg3+ 28. Rxg3 Rb2 29. Ra4 Rc8 30. Kf3 Rc3+ 31. Kf2
Qxg3+ 32. Kf1 Qb8 33. Rb4 Rxb4 34. axb4 Qxb4 35. Ke2 Qc4+ 36. Kd2 Qxd4+ 37.
Ke1 Re3+ 38. Qe2 Rxe2+ 39. Kxe2 Qc3 40. Kf2 Qxc2+ 41. Kf3 e5 42. g4 e4+ 43.
Kf4 Qg2 44. h4 Qe2 45. h5 e3 46. g5 Qf2+ 47. Kg4 e2 48. g6 e1=Q 49. gxf7+
Kxf7 50. h6 Qeg1+ 51. Kh5 Qfh2# { White checkmated } 0-1

[Event "ICC tourney 2376 (15 3)"]
[Site "Internet Chess Club"]
[Date "2021.02.06"]
[Round "1"]
[White "trosen27"]
[Black "Roy123"]
[Result "0-1"]
[ICCResult "White resigns"]
[WhiteElo "1380"]
[BlackElo "919"]
[Opening "French: Marshall variation"]
[ECO "C10"]
[NIC "FR.04"]
[Time "11:14:55"]
[PlyCount "58"]
[TimeControl "900+3"]

1. e4 e6 2. d4 d5 3. Nc3 c5 4. dxc5 Bxc5 5. e5 Nc6 6. Bb5 Bd7 7. a3 Nge7 8.
Nf3 O-O 9. Bd3 Ng6 10. Bg5 Qb6 11. O-O Qxb2 12. Ne2 Ncxe5 13. Nxe5 Qxe5 14.
Bf4 Nxf4 15. Ng3 Nxd3 16. Qxd3 Rac8 17. Rfe1 Qf6 18. Nh5 Qg6 19. Qf3 Bd4
20. Rab1 b6 21. Nf4 Qxc2 22. Kh1 Qxf2 23. Qg4 Rc2 24. Nh5 Rb2 25. Rbd1 Rd2
26. Rc1 g6 27. Ng3 Bg7 28. Rf1 Qd4 29. Ne2 Qxg4 { White resigns } 0-1

[Event "ICC tourney 2376 (15 3)"]
[Site "Internet Chess Club"]
[Date "2021.02.06"]
[Round "1"]
[White "Matthew718"]
[Black "SlickSmith"]
[Result "0-1"]
[ICCResult "White checkmated"]
[WhiteElo "713"]
[BlackElo "1316"]
[Opening "Queen's pawn game"]
[ECO "D00"]
[NIC "QP.07"]
[Time "11:01:08"]
[PlyCount "150"]
[TimeControl "900+3"]

1. d4 Nf6 2. Nc3 d5 3. Nf3 g6 4. e3 Bg7 5. Bd3 O-O 6. O-O Bg4 7. Be2 Nbd7
8. h3 Bf5 9. Bd2 Re8 10. b4 Nb6 11. Nb1 Ne4 12. Be1 e5 13. Na3 Qe7 14. Rb1
Rad8 15. Nb5 c6 16. Na3 exd4 17. exd4 Nd6 18. Bd3 Bxd3 19. Qxd3 Nbc4 20.
Kh1 Qe2 21. Qxe2 Rxe2 22. Nxc4 Nxc4 23. Rc1 Rde8 24. a4 Bh6 25. Rd1 Rxc2
26. a5 a6 27. Kg1 Ree2 28. g4 Nd2 29. Nxd2 Bxd2 30. Bxd2 Rcxd2 31. Rb1 Rxd4
32. Kg2 Ree4 33. f3 Rf4 34. Kg3 Rxb4 35. Rfe1 Kf8 36. Rxb4 Rxb4 37. h4 Rb5
38. Ra1 Ke7 39. Kh3 d4 40. Kg2 Rd5 41. Kf2 d3 42. Ke3 d2 43. Rd1 Rd7 44. g5
c5 45. f4 c4 46. Rxd2 Rxd2 47. Kxd2 Kd6 48. Kc3 Kc5 49. Kc2 Kb5 50. Kc3 Kc5
51. Kc2 Kb4 52. Kb2 Kxa5 53. Kc3 Kb5 54. Kd4 a5 55. Kc3 Kc5 56. Kc2 b5 57.
Kb2 b4 58. Kc2 c3 59. Kb3 Kd4 60. Kc2 Kc4 61. Kb1 Kd3 62. Kc1 b3 63. Kb1
c2+ 64. Kc1 b2+ 65. Kxb2 Kd2 66. Kb3 c1=Q 67. Ka4 Qa1+ 68. Kb5 a4 69. Kc4
a3 70. Kd5 a2 71. Ke4 Qe1+ 72. Kf3 a1=Q 73. Kg2 Qg1+ 74. Kf3 Qe3+ 75. Kg2
Qag1# { White checkmated } 0-1

[Event "ICC tourney 2376 (15 3)"]
[Site "Internet Chess Club"]
[Date "2021.02.06"]
[Round "1"]
[White "dpanoop"]
[Black "mewto12345"]
[Result "0-1"]
[ICCResult "White checkmated"]
[WhiteElo "792"]
[BlackElo "1337"]
[Opening "QGD Slav defense: exchange variation"]
[ECO "D10"]
[NIC "SL.01"]
[Time "11:25:58"]
[PlyCount "60"]
[TimeControl "900+3"]

1. d4 d5 2. c4 c6 3. cxd5 cxd5 4. Nc3 Nf6 5. f3 Bf5 6. Bf4 Nc6 7. Qd2 e6 8.
e3 Nh5 9. g4 Nxf4 10. exf4 Bg6 11. O-O-O h6 12. Bd3 Bxd3 13. Qxd3 Bd6 14.
Nge2 a6 15. f5 exf5 16. gxf5 O-O 17. Ng3 Qg5+ 18. Qd2 Bf4 19. Qxf4 Qxf4+
20. Kb1 Qxf3 21. Rhf1 Qg4 22. Nge2 Rfe8 23. a3 Rxe2 24. Nxe2 Qxe2 25. h4
Qe4+ 26. Ka2 Qxh4 27. Rh1 Qe4 28. Rhf1 Na5 29. b3 Qc2+ 30. Ka1 Nxb3# {
White checkmated } 0-1